HSSL
TEMISKAMING DISTRICT SECONDARY SCHOOL SAINTS @ BROOKLINE HS WARRIORS
05/10/2025
 
TOP OF THE 1ST
Temiskaming District Secondary School Saints batting - Pitching for Brookline HS Warriors : RHP Kirby Graham
Pitching: RHP Kirby Graham
Batting: RHB George Gardner 0-0: Called Strike
0-1: Swinging Strike
0-2: Foul Ball, location: 2F
0-2: Foul Ball, location: 2F
0-2: Ball
1-2: Strikes out looking
Batting: RHB Jason Wheeler 0-0: Ball
1-0: Ball
2-0: Fly out, F7 (Flyball, 78M)
Batting: RHB Fred Moulds 0-0: Ball
1-0: Ball
2-0: Called Strike
2-1: Called Strike
2-2: Strikes out swinging
Top of the 1st over - 0 run(s), 0 hit(s), 0 error(s), 0 left on base; Temiskaming District Secondary School 0 - Brookline HS 0
BOTTOM OF THE 1ST
Brookline HS Warriors batting - Pitching for Temiskaming District Secondary School Saints : RHP Norberto Pérez
Pitching: RHP Norberto Pérez
Batting: RHB Francisco Durango 0-0: Called Strike
0-1: Ground out 4-3 (Groundball, 34)
Batting: LHB Desmond Huth 0-0: Called Strike
0-1: Swinging Strike
0-2: Foul Ball, location: 2F
0-2: Foul Ball, location: 2F
0-2: Ground out 4-3 (Groundball, 4)
Batting: RHB Tim Smith 0-0: Foul Ball, location: 2F
0-1: Ball
1-1: DOUBLE (Groundball, 5L)
Batting: RHB Tom McBride 0-0: Ball
1-0: Called Strike
1-1: Ball
2-1: Foul Ball, location: 2F
2-2: Ball
Passed Ball!
Tim Smith to third
3-2: Base on Balls
Batting: SHB Luis Rodríguez 0-0: Ball
1-0: Swinging Strike
1-1: SINGLE (Groundball, 15S) (infield hit)
Tim Smith scores
Tom McBride to second
Batting: LHB Phil Bishop 0-0: Called Strike
0-1: Fly out, F7 (Flyball, 78S)
Bottom of the 1st over - 1 run(s), 2 hit(s), 0 error(s), 2 left on base; Temiskaming District Secondary School 0 - Brookline HS 1
TOP OF THE 2ND
Temiskaming District Secondary School Saints batting - Pitching for Brookline HS Warriors : RHP Kirby Graham
Batting: LHB Ken Sosa 0-0: Called Strike
0-1: Swinging Strike
0-2: Ball
1-2: Strikes out swinging
Batting: RHB Juan Encarnación 0-0: Foul Ball, location: 2F
0-1: Ball
1-1: Swinging Strike
1-2: Strikes out swinging
Batting: LHB Carlos Músquez 0-0: Ball
1-0: Foul Ball, location: 2F
1-1: Called Strike
1-2: SOLO HOME RUN (Line Drive, 9LD), Distance : 351 ft
Batting: RHB Orlando González 0-0: Ball
1-0: Called Strike
1-1: Swinging Strike
1-2: Strikes out looking
Top of the 2nd over - 1 run(s), 1 hit(s), 0 error(s), 0 left on base; Temiskaming District Secondary School 1 - Brookline HS 1
BOTTOM OF THE 2ND
Brookline HS Warriors batting - Pitching for Temiskaming District Secondary School Saints : RHP Norberto Pérez
Batting: RHB Ben Bond 0-0: Fly out, F2 (Popup, 2LF)
Batting: RHB Owen Jenkins 0-0: Ball
1-0: Bunted foul
1-1: Ball
2-1: Ball
3-1: Ground out 1-3 (Groundball, 15)
Batting: RHB Bob Bishop 0-0: Called Strike
0-1: Foul Ball, location: 2F
0-2: Ground out 4-3 (Groundball, 4)
Bottom of the 2nd over - 0 run(s), 0 hit(s), 0 error(s), 0 left on base; Temiskaming District Secondary School 1 - Brookline HS 1
TOP OF THE 3RD
Temiskaming District Secondary School Saints batting - Pitching for Brookline HS Warriors : RHP Kirby Graham
Batting: RHB John Weber 0-0: Called Strike
0-1: Fly out, F7 (Line Drive, 7M)
Batting: RHB Bob Ferguson 0-0: Ball
1-0: Ball
2-0: Ground out 5-3 (Groundball, 5)
Batting: RHB George Gardner 0-0: Called Strike
0-1: Ball
1-1: Ball
2-1: Called Strike
2-2: Foul Ball, location: 2F
2-2: Ball
3-2: Base on Balls
Batting: RHB Jason Wheeler 0-0: Ball
1-0: Ball
2-0: Ball
3-0: Called Strike
3-1: Reached on error, E5 (Groundball, 56)
George Gardner to second
Batting: RHB Fred Moulds 0-0: Foul Ball, location: 2F
0-1: Ball
1-1: Called Strike
1-2: Ball
2-2: Ball
3-2: Foul Ball, location: 2F
3-2: Base on Balls
George Gardner to third
Jason Wheeler to second
Batting: LHB Ken Sosa 0-0: Ball
1-0: Ball
2-0: Ball
3-0: Called Strike
3-1: Base on Balls
George Gardner scores
Jason Wheeler to third
Fred Moulds to second
Batting: RHB Juan Encarnación 0-0: Ball
1-0: Ball
2-0: Ball
3-0: Foul Ball, location: 2F
3-1: Foul Ball, location: 2F
3-2: DOUBLE (Groundball, 3L)
Jason Wheeler scores
Fred Moulds scores
Ken Sosa to third
Ken Sosa scores
Batting: LHB Carlos Músquez 0-0: SINGLE (Groundball, 4M)
Juan Encarnación to third
Runner from 3rd tries for Home, SAFE, no throw or cutoff
Batting: RHB Orlando González 0-0: Ball
1-0: Foul Ball, location: 2F
1-1: Foul Ball, location: 2F
1-2: Fielders Choice at 2nd, 6-4 (Groundball, 6S)
Top of the 3rd over - 5 run(s), 2 hit(s), 1 error(s), 0 left on base; Temiskaming District Secondary School 6 - Brookline HS 1
BOTTOM OF THE 3RD
Brookline HS Warriors batting - Pitching for Temiskaming District Secondary School Saints : RHP Norberto Pérez
Batting: RHB Francisco Durango 0-0: Ball
1-0: Ball
2-0: Fly out, F7 (Flyball, 78S)
Batting: LHB Desmond Huth 0-0: Called Strike
0-1: Ground out 4-3 (Groundball, 4)
Batting: RHB Tim Smith 0-0: Ball
1-0: Ball
2-0: Ground out 4-3 (Groundball, 4)
Bottom of the 3rd over - 0 run(s), 0 hit(s), 0 error(s), 0 left on base; Temiskaming District Secondary School 6 - Brookline HS 1
TOP OF THE 4TH
Temiskaming District Secondary School Saints batting - Pitching for Brookline HS Warriors : RHP Kirby Graham
Batting: RHB John Weber 0-0: Ground out 6-3 (Groundball, 56)
Batting: RHB Bob Ferguson 0-0: Called Strike
0-1: Swinging Strike
0-2: Ball
1-2: Strikes out swinging
Batting: RHB George Gardner 0-0: Foul Ball, location: 2F
0-1: SINGLE (Groundball, 56)
Batting: RHB Jason Wheeler 0-0: Called Strike
0-1: Ball
1-1: Called Strike
1-2: Ball
2-2: Foul Ball, location: 2F
2-2: 2-RUN HOME RUN (Flyball, 7D), Distance : 411 ft
Pitching: RHP Chris Harris
Batting: RHB Fred Moulds 0-0: Ball
1-0: Foul Ball, location: 2F
1-1: Ball
2-1: Fly out, F2 (Popup, 2LF)
Top of the 4th over - 2 run(s), 2 hit(s), 0 error(s), 0 left on base; Temiskaming District Secondary School 8 - Brookline HS 1
BOTTOM OF THE 4TH
Brookline HS Warriors batting - Pitching for Temiskaming District Secondary School Saints : RHP Norberto Pérez
Batting: RHB Tom McBride 0-0: Called Strike
0-1: Ball
1-1: Fly out, F9 (Flyball, 9D)
Batting: SHB Luis Rodríguez 0-0: Fly out, F8 (Line Drive, 89M)
Batting: LHB Phil Bishop 0-0: Ball
1-0: Ball
2-0: Foul Ball, location: 2F
2-1: Bunted foul
2-2: Ball
3-2: Foul Ball, location: 2F
3-2: SINGLE (Flyball, 7LS)
Batting: RHB Ben Bond 0-0: Ball
1-0: Ball
Phil Bishop steals 2nd base
2-0: Called Strike
2-1: Ball
3-1: SINGLE (Groundball, 6)
Phil Bishop to third
Runner from 3rd tries for Home, SAFE, no throw or cutoff
Batting: RHB Owen Jenkins 0-0: DOUBLE (Line Drive, 3L)
Ben Bond to third
Runner from 3rd tries for Home, SAFE, no throw or cutoff
Batting: RHB Bob Bishop 0-0: Ball
1-0: Foul Ball, location: 2F
1-1: Ground out 6-3 (Groundball, 6)
Bottom of the 4th over - 2 run(s), 3 hit(s), 0 error(s), 1 left on base; Temiskaming District Secondary School 8 - Brookline HS 3
TOP OF THE 5TH
Temiskaming District Secondary School Saints batting - Pitching for Brookline HS Warriors : RHP Chris Harris
Batting: LHB Ken Sosa 0-0: Fly out, F7 (Flyball, 7D)
Batting: RHB Juan Encarnación 0-0: Called Strike
0-1: Ball
1-1: Swinging Strike
1-2: Fly out, F8 (Flyball, 8RD)
Batting: LHB Carlos Músquez 0-0: Ball
1-0: Ball
2-0: Called Strike
2-1: SOLO HOME RUN (Flyball, 78XD), Distance : 434 ft
Batting: RHB Orlando González 0-0: Foul Ball, location: 2F
0-1: Called Strike
0-2: Ball
1-2: Fly out, F9 (Flyball, 89M)
Top of the 5th over - 1 run(s), 1 hit(s), 0 error(s), 0 left on base; Temiskaming District Secondary School 9 - Brookline HS 3
BOTTOM OF THE 5TH
Brookline HS Warriors batting - Pitching for Temiskaming District Secondary School Saints : RHP Norberto Pérez
Batting: RHB Francisco Durango 0-0: Fly out, F8 (Flyball, 8LM)
Batting: LHB Desmond Huth 0-0: Ball
1-0: Ball
2-0: Called Strike
2-1: Called Strike
2-2: SINGLE (Groundball, 6MD)
Batting: RHB Tim Smith 0-0: Ball
1-0: Ball
2-0: Ball
3-0: Base on Balls
Desmond Huth to second
Batting: RHB Tom McBride 0-0: Ball
1-0: SINGLE (Line Drive, 7S)
Desmond Huth to third
Tim Smith to second
Throwing error, E7
Desmond Huth scores
Tim Smith to third
Tom McBride to second
Batting: SHB Luis Rodríguez 0-0: Ball
1-0: Foul Ball, location: 2F
1-1: Reached on Error, E8 (Flyball, 8RM)
Tim Smith scores
Tom McBride to third
Batting: LHB Phil Bishop 0-0: Called Strike
0-1: Ball
1-1: Ball
2-1: Fly out, F8 (Flyball, 8LM)
Runner from 3rd tags up, OUT at HOME
Bottom of the 5th over - 2 run(s), 2 hit(s), 2 error(s), 1 left on base; Temiskaming District Secondary School 9 - Brookline HS 5
TOP OF THE 6TH
Temiskaming District Secondary School Saints batting - Pitching for Brookline HS Warriors : RHP Chris Harris
Batting: RHB John Weber 0-0: Called Strike
0-1: Swinging Strike
0-2: Ball
1-2: Ball
2-2: Ball
3-2: Base on Balls
Batting: RHB Bob Ferguson 0-0: Ball
1-0: SINGLE (Line Drive, 7S)
John Weber to second
Batting: RHB George Gardner 0-0: Ball
1-0: Ball
2-0: Called Strike
2-1: Ball
3-1: Fly out, F8 (Flyball, 89D)
Runner from 2nd tags up, SAFE at 3rd, no throw
Batting: RHB Jason Wheeler 0-0: Called Strike
0-1: Ball
1-1: SINGLE (Groundball, 6MD) (infield hit)
John Weber scores
Bob Ferguson to second
Batting: RHB Fred Moulds 0-0: Foul Ball, location: 2F
0-1: Ball
1-1: Ball
2-1: Ball
3-1: 3-RUN HOME RUN (Flyball, 7D), Distance : 403 ft
Pitching: RHP Elmer Gray
Batting: LHB Ken Sosa 0-0: Ground out 4-3 (Groundball, 4)
Batting: RHB Juan Encarnación 0-0: Ball
1-0: Ball
2-0: Foul Ball, location: 2F
2-1: DOUBLE (Flyball, 9M)
Batting: LHB Carlos Músquez 0-0: Called Strike
0-1: Fly out, F8 (Line Drive, 8RM)
Top of the 6th over - 4 run(s), 4 hit(s), 0 error(s), 1 left on base; Temiskaming District Secondary School 13 - Brookline HS 5
BOTTOM OF THE 6TH
Brookline HS Warriors batting - Pitching for Temiskaming District Secondary School Saints : RHP Norberto Pérez
Batting: RHB Ben Bond 0-0: Ball
1-0: Called Strike
1-1: SINGLE (Flyball, 4D)
Pitching: RHP Gerald Marshall
Batting: RHB Owen Jenkins 0-0: Ball
1-0: Called Strike
1-1: Foul Ball, location: 2F
1-2: Ball
2-2: Fly out, F7 (Flyball, 78M)
Batting: RHB Bob Bishop 0-0: Ball
Ben Bond steals 2nd base
1-0: Ball
Wild Pitch!
Ben Bond to third
2-0: SINGLE (Groundball, 5L)
Ben Bond scores
Batting: RHB Francisco Durango 0-0: Called Strike
0-1: Ball
1-1: Ball
2-1: Fly out, F7 (Flyball, 7LS)
Batting: LHB Desmond Huth 0-0: Called Strike
0-1: Ball
1-1: Foul Ball, location: 2F
1-2: Fly out, F7 (Flyball, 7M)
Bottom of the 6th over - 1 run(s), 2 hit(s), 0 error(s), 1 left on base; Temiskaming District Secondary School 13 - Brookline HS 6
TOP OF THE 7TH
Temiskaming District Secondary School Saints batting - Pitching for Brookline HS Warriors : RHP Elmer Gray
Batting: RHB Orlando González 0-0: Ball
1-0: Ball
2-0: Fly out, F6 (Popup, 4MD)
Batting: RHB John Weber 0-0: Ball
1-0: Ball
2-0: Called Strike
2-1: Ball
3-1: Base on Balls
Batting: RHB Bob Ferguson 0-0: Ball
1-0: Swinging Strike
1-1: Ball
2-1: Ball
3-1: Called Strike
3-2: Base on Balls
John Weber to second
Batting: RHB George Gardner 0-0: Ball
1-0: Called Strike
1-1: Ball
2-1: Called Strike
2-2: Strikes out looking
Batting: RHB Jason Wheeler 0-0: Fly out, F7 (Flyball, 78S)
Top of the 7th over - 0 run(s), 0 hit(s), 0 error(s), 2 left on base; Temiskaming District Secondary School 13 - Brookline HS 6
BOTTOM OF THE 7TH
Brookline HS Warriors batting - Pitching for Temiskaming District Secondary School Saints : RHP Gerald Marshall
Batting: RHB Tim Smith 0-0: Ground out 3-1 (Groundball, 34)
Batting: RHB Tom McBride 0-0: Ball
1-0: SOLO HOME RUN (Flyball, 7D), Distance : 396 ft
Batting: SHB Luis Rodríguez 0-0: Ball
1-0: Swinging Strike
1-1: Called Strike
1-2: Foul Ball, location: 2F
1-2: Ball
2-2: Strikes out swinging
Batting: LHB Phil Bishop 0-0: Reached on error, E6 (Groundball, 6)
Batting: RHB Ben Bond 0-0: Ball
Phil Bishop steals 2nd base
1-0: Called Strike
1-1: Ball
2-1: Ball
3-1: Base on Balls
Batting: RHB Owen Jenkins 0-0: Ball
1-0: Hit by Pitch
Phil Bishop to third
Ben Bond to second
Batting: RHB Bob Bishop 0-0: Ball
1-0: Ball
2-0: Called Strike
2-1: Foul Ball, location: 2F
2-2: Fly out, F8 (Flyball, 8LS)
Bottom of the 7th over - 1 run(s), 1 hit(s), 1 error(s), 3 left on base; Temiskaming District Secondary School 13 - Brookline HS 7
TOP OF THE 8TH
Temiskaming District Secondary School Saints batting - Pitching for Brookline HS Warriors : RHP Elmer Gray
Batting: RHB Fred Moulds 0-0: Called Strike
0-1: Ball
1-1: Ball
2-1: SINGLE (Line Drive, 56D)
Batting: LHB Ken Sosa 0-0: Ball
1-0: Called Strike
1-1: Fielders Choice at 2nd, 1-4 (Groundball, 25)
Pitching: LHP Jack Greene
Batting: RHB Juan Encarnación 0-0: SINGLE (Line Drive, 6MD)
Ken Sosa to second
Batting: LHB Carlos Músquez 0-0: Foul Ball, location: 2F
0-1: Swinging Strike
0-2: Foul Ball, location: 2F
0-2: Ball
1-2: Ball
2-2: Ball
3-2: Hit by Pitch
Ken Sosa to third
Juan Encarnación to second
Batting: RHB Orlando González 0-0: Ball
1-0: Ball
2-0: Called Strike
2-1: Ball
3-1: Foul Ball, location: 2F
3-2: Foul Ball, location: 2F
3-2: Foul Ball, location: 2F
3-2: Foul Ball, location: 2F
3-2: Base on Balls
Ken Sosa scores
Juan Encarnación to third
Carlos Músquez to second
Batting: RHB John Weber 0-0: Ball
1-0: Ball
2-0: Ball
3-0: Base on Balls
Juan Encarnación scores
Carlos Músquez to third
Orlando González to second
Batting: RHB Bob Ferguson 0-0: Ball
1-0: Ball
2-0: Swinging Strike
2-1: SINGLE (Line Drive, 9LS)
Carlos Músquez scores
Orlando González to third
John Weber to second
Batting: RHB George Gardner 0-0: Called Strike
0-1: Foul Ball, location: 2F
0-2: Strikes out swinging
Batting: RHB Jason Wheeler 0-0: Ball
1-0: Fly out, F8 (Flyball, 8RS)
Top of the 8th over - 3 run(s), 3 hit(s), 0 error(s), 3 left on base; Temiskaming District Secondary School 16 - Brookline HS 7
BOTTOM OF THE 8TH
Brookline HS Warriors batting - Pitching for Temiskaming District Secondary School Saints : RHP Gerald Marshall
Pitching: RHP Chris Roy
Batting: RHB Francisco Durango 0-0: Ball
1-0: Swinging Strike
1-1: Swinging Strike
1-2: Ball
2-2: Strikes out swinging
Batting: LHB Desmond Huth 0-0: Ball
1-0: Fly out, F9 (Flyball, 9M)
Batting: RHB Tim Smith 0-0: Ball
1-0: Ball
2-0: Called Strike
2-1: Ball
3-1: Base on Balls
Batting: RHB Tom McBride 0-0: Ball
1-0: Called Strike
1-1: 2-RUN HOME RUN (Flyball, 7D), Distance : 395 ft
Batting: SHB Luis Rodríguez 0-0: Called Strike
0-1: Swinging Strike
0-2: Foul Ball, location: 2F
0-2: Ball
1-2: Strikes out swinging
Bottom of the 8th over - 2 run(s), 1 hit(s), 0 error(s), 0 left on base; Temiskaming District Secondary School 16 - Brookline HS 9
TOP OF THE 9TH
Temiskaming District Secondary School Saints batting - Pitching for Brookline HS Warriors : LHP Jack Greene
Pitching: RHP Wally O'Dowling
Batting: RHB Fred Moulds 0-0: Ball
1-0: Ball
2-0: SINGLE (Line Drive, 6MD)
Batting: LHB Ken Sosa 0-0: Ball
1-0: Ball
2-0: Called Strike
2-1: Called Strike
2-2: Foul Ball, location: 2F
2-2: Strikes out swinging
Pinch Hitting: SHB Andrew Walters 0-0: Ball
1-0: Ball
2-0: Called Strike
2-1: Grounds into double play, 5-4-3 (Groundball, 56)
Top of the 9th over - 0 run(s), 1 hit(s), 0 error(s), 0 left on base; Temiskaming District Secondary School 16 - Brookline HS 9
BOTTOM OF THE 9TH
Brookline HS Warriors batting - Pitching for Temiskaming District Secondary School Saints : RHP Chris Roy
Now in RF: Mike O'Bryan
Batting: LHB Phil Bishop 0-0: Fly out, F7 (Flyball, 78M)
Batting: RHB Ben Bond 0-0: Ground out 1-3 (Groundball, 56S)
Batting: RHB Owen Jenkins 0-0: Ball
1-0: Ball
2-0: Ball
3-0: Called Strike
3-1: Base on Balls
Batting: RHB Bob Bishop 0-0: Called Strike
0-1: Ground out 6-3 (Groundball, 6)
Bottom of the 9th over - 0 run(s), 0 hit(s), 0 error(s), 1 left on base; Temiskaming District Secondary School 16 - Brookline HS 9
This league is powered by Out of the Park Baseball, the baseball management simulation game for PC, Mac and Linux
Tuesday, August 2nd, 2016 - OOTP Baseball 16.8 Build 38